 Dungeon Crawl Stone Soup version 0.17-a0-1519-g2001520 (webtiles) character file.

275 HEYYEYAAE the Skirmisher (level 6, -3/49 HPs)
             Began as a Human Berserker on July 13, 2015.
             Was a Believer of Trog.
             Killed by divine providence
             ... invoked by an orc priest
              (14 damage)
             ... on level 3 of the Dungeon.
             The game lasted 00:05:15 (2564 turns).

HEYYEYAAE the Skirmisher (Human Berserker)          Turns: 2564, Time: 00:05:15

Health: -3/49      AC: 13    Str: 19    XL:     6   Next: 50%
Magic:  6/6        EV:  9    Int: 10    God:    Trog [**....]
Gold:   75         SH:  0    Dex: 13    Spells: 0 memorised, 5 levels left

rFire  . . .     SeeInvis .     a - +0 falchion
rCold  . . .     Clarity  .     t - +3 chain mail {rPois}
rNeg   . . .     SustAt   +     (no shield)
rPois  +         Gourm    .     (no helmet)
rElec  .         Spirit   .     r - +0 cloak
rCorr  .         Warding  .     (no gloves)
rMut   .         Stasis   .     (no boots)
MR     ++...                    (no amulet)
Stlth  ..........               n - ring of sustain attributes
                                f - +3 ring of intelligence

@: regenerating, very resistant to hostile enchantments, extremely unstealthy
A: no striking features
a: Burn Spellbooks, Berserk, Trog's Hand, Renounce Religion


You were on level 3 of the Dungeon.
You worshipped Trog.
Trog was pleased with you.
You were near starving.

You visited 1 branch of the dungeon, and saw 3 of its levels.

You collected 75 gold pieces.

Inventory:

Hand weapons
 a - a +0 falchion (weapon)
Armour
 r - a +0 cloak (worn)
 t - a +3 chain mail of poison resistance (worn)
Jewellery
 f - a +3 ring of intelligence (left hand)
 n - a ring of sustain attributes (right hand)
Magical devices
 i - a wand of frost (17)
Scrolls
 d - a scroll of immolation {unknown}
 g - 2 scrolls of fear {unknown}
 h - 3 scrolls of remove curse {unknown}
 j - 2 scrolls of teleportation {unknown}
 l - a scroll of amnesia {unknown}
 o - a scroll of noise {unknown}
 p - a scroll of identify {unknown}
 s - a scroll of enchant armour {unknown}
 v - a scroll of magic mapping {unknown}
 w - a scroll of blinking {unknown}
Potions
 b - 3 potions of haste
 e - a potion of ambrosia {unknown}
 k - a potion of cure mutation {unknown}
 m - a potion of brilliance {unknown}
Books
 x - a book of Spatial Translocations

   Spells                             Type                      Level
   a - Apportation                    Translocation                1
   b - Blink                          Translocation                2
   c - Shroud of Golubria             Charms/Translocation         2
   d - Portal Projectile              Translocation                3
   e - Teleport Other                 Translocation                3
   f - Passage of Golubria            Translocation                4
   Trog disapproves of the use of such an item.
Comestibles
 c - 3 bread rations
 q - 2 meat rations


   Skills:
 * Level 4.7 Fighting
 + Level 4.0 Long Blades
 + Level 3.1 Armour
 + Level 3.6 Dodging


You had 5 spell levels left.
You didn't know any spells.

Dungeon Overview and Level Annotations

Branches:
Dungeon (3/15)

Altars:


Message History

Your skin crawls.
You feel resistant to hostile enchantments.
You are near starving!
The orc priest casts a cantrip, but nothing happens.
Unknown command.
Your chain mail prevents you from hitting the orc priest.
The orc priest is heavily wounded.
The orc priest miscasts a cantrip.
Unknown command.
You hit the orc priest but do no damage.
The orc priest is heavily wounded.
The orc priest closely misses you.
Unknown command.
Drink which item? (? for menu, Esc to quit)
Okay, then.
Your chain mail prevents you from hitting the orc priest.
The orc priest is heavily wounded.
The orc priest invokes the aid of Beogh against you.
Something smites you!
You die...

......###.......#
#####...........#
# #####.......#
#.....(.######
#.............
##...†.r###
##...#..#
##.###.#
############.#
#@#
...........<.#
#o#
#####..#######
#.# #..# #.#
#...# #.# ......
#.# .#...... #.#
#........# #.# #
........


You could see an orc priest and a rat.

Vanquished Creatures
  The ghost of PeterLawrence the Cudgeler, an average GrFi (D:3)
  Ijyb (D:2)
  2 orc wizards (D:3)
  6 adders
  2 oozes
  4 giant geckos
  7 orcs (D:3)
  5 bats
  A giant cockroach (D:2)
  8 goblins
  3 hobgoblins (D:1)
  2 jackals (D:1)
  10 kobolds
  2 ball pythons (D:1)
  3 giant newts
  2 quokkas
  8 rats
67 creatures vanquished.

Notes
Turn   | Place    | Note
--------------------------------------------------------------
     0 | D:1      | HEYYEYAAE the Human Berserker began the quest for the Orb.
     0 | D:1      | Reached XP level 1. HP: 18/18 MP: 1/1
   280 | D:1      | Reached XP level 2. HP: 8/24 MP: 2/2
   863 | D:1      | Reached XP level 3. HP: 29/29 MP: 3/3
  1132 | D:2      | Acquired Trog's second power
  1221 | D:2      | Reached XP level 4. HP: 36/36 MP: 4/4
  1502 | D:2      | Noticed Ijyb
  1538 | D:2      | Killed Ijyb
  1570 | D:2      | Reached XP level 5. HP: 24/42 MP: 5/5
  1675 | D:2      | Reached skill level 4 in Fighting
  2325 | D:3      | Noticed PeterLawrence's ghost (average GrFi)
  2330 | D:3      | Reached XP level 6. HP: 48/48 MP: 6/6
  2502 | D:3      | Killed PeterLawrence's ghost
  2564 | D:3      | Killed from afar by an orc priest

Vault maps used:
D:1:      dpeg_arrival_stone_temple_mockup
D:2:      first_bread, minmay_liquid_box, st_stairs_10,
          kennysheep_generic_room_3, uniq_iyjb

Action                   |  1- 3 |  4- 6 || total
-------------------------+-------+-------++-------
Melee: Falchion          |   122 |   217 ||   339
Invok: Berserk           |     2 |     1 ||     3
       Trog's Hand       |       |     1 ||     1
  Use: Potion            |       |     3 ||     3
 Stab: Sleeping          |     1 |       ||     1
  Eat: Chunk             |     3 |     3 ||     6
       Beef jerky        |       |     1 ||     1
